 Dungeon Crawl Stone Soup version 0.24-a0-335-g06ca16af6c (webtiles) character file.

Game seed: 9966099059150610009

1219065 soonmide the Conqueror (level 27, -4/199 HPs)
             Began as a Tengu Gladiator on May 13, 2019.
             Was the Champion of Wu Jian.
             Killed from afar by a quicksilver dragon (24 damage)
             ... with a bolt of dispelling energy
             ... on level 7 of the Iron City of Dis on May 19, 2019.
             The game lasted 13:11:16 (85493 turns).

soonmide the Conqueror (Tengu Gladiator)           Turns: 85493, Time: 13:11:20

Health: -4/199     AC: 37    Str: 39    XL:     27
Magic:  0/47       EV: 33    Int: 20    God:    Wu Jian [******]
Gold:   7004       SH: 41    Dex: 24    Spells: 31/39 levels left

rFire    + + .     SeeInvis .   t - +9 sacred scourge (holy)
rCold    + + +     Gourm    .   h - +18 shield of the Gong {rElec rN+ MR+ EV-5}
rNeg     + + +     Faith    .   x - +10 plate armour "Usaehyan" {rF+ MP+9 Str+4 Stlth+}
rPois    +         Spirit   +   J - +0 hat "Huugepli" {-Cast rN+ rCorr Int+5}
rElec    +         Reflect  +   E - scarf {Spirit}
rCorr    +         Harm     .   G - +2 pair of gloves {Str+3}
MR       +++..     Clarity  +   (boots unavailable) Stlth +++.......NoCast +
                                r - amulet "Pefutuid" {Reflect Str+9 SH+4}
HPRegen  0.43/turn              C - ring "Deacseq" {rF+ rC+ rN+ Str+3}
MPRegen  0.30/turn              V - ring "Gouly" {rElec rPois rC+ Str+4 Dex+3 Slay+2}

@: flying quickly and evasively, quick
A: beak, horns 1, talons 3, slimy green scales 1, clarity, cold resistance 1, no
potion heal 1, able to fly
}: 12/15 runes: serpentine, barnacled, slimy, silver, obsidian, icy, abyssal,
demonic, glowing, magical, fiery, dark
a: Stop Flying, Wall Jump, Serpent's Lash, Heavenly Storm, Renounce Religion


You were on level 7 of the Iron City of Dis.
You worshipped Wu Jian.
Wu Jian was exalted by your worship.
You were not hungry.

You visited 16 branches of the dungeon, and saw 77 of its levels.
You visited Pandemonium 1 time, and saw 12 of its levels.
You visited the Abyss 2 times.
You visited 1 bazaar.
You also visited: Sewer and Ice Cave.

You collected 11602 gold pieces.
You spent 4598 gold pieces at shops.

Inventory:

Hand Weapons
 k - the +8 mithril axe "Arga" {speed, MR+}
   (You found it on level 5 of the Vaults)

   Attacks with this weapon are significantly faster.
   It affects your resistance to hostile enchantments.
 t - a +9 sacred scourge of holy wrath (weapon)
Missiles
 d - 9 throwing nets
 v - 26 curare-tipped darts
 A - 23 silver javelins (quivered)
 Q - 28 atropa-tipped darts
Armour
 h - the +18 shield of the Gong (worn) {rElec rN+ MR+ EV-5}
   (You found it on level 7 of Gehenna)

   It affects your evasion (-5).
   It insulates you from electricity.
   It protects you from negative energy.
   It affects your resistance to hostile enchantments.
 x - the +10 plate armour "Usaehyan" (worn) {rF+ MP+9 Str+4 Stlth+}
   (You bought it in a shop on level 2 of the Orcish Mines)

   It affects your strength (+4).
   It protects you from fire.
   It affects your magic capacity (+9).
   It makes you more stealthy.
 E - a scarf of spirit shield (worn)
 G - a +2 pair of gloves of strength (worn)
 J - the +0 hat "Huugepli" (worn) {-Cast rN+ rCorr Int+5}
   (You acquired it in Pandemonium)

   It affects your intelligence (+5).
   It protects you from negative energy.
   It prevents spellcasting.
   It provides partial protection from all sources of acid and corrosion.
Jewellery
 r - the amulet "Pefutuid" (around neck) {Reflect Str+9 SH+4}
   (You took it off a balrug on level 7 of Gehenna)

   [amulet of reflection]

   It shields you and reflects attacks.
   It affects your strength (+9).
   It affects your SH (+4).
 C - the ring "Deacseq" (left hand) {rF+ rC+ rN+ Str+3}
   (You acquired it on level 1 of the Crypt)

   [ring of positive energy]

   It affects your strength (+3).
   It protects you from fire.
   It protects you from cold.
   It protects you from negative energy.
 K - the ring "Qaotrog" {MP+9 Slay+6}
   (You took it off an iron imp on level 7 of the Iron City of Dis)

   [ring of magical power]

   It affects your accuracy and damage with ranged weapons and melee attacks
   (+6).
   It affects your magic capacity (+9).
 V - the ring "Gouly" (right hand) {rElec rPois rC+ Str+4 Dex+3 Slay+2}
   (You bought it in a shop on level 1 of the Snake Pit)

   [ring of protection from cold]

   It affects your strength (+4).
   It affects your dexterity (+3).
   It affects your accuracy and damage with ranged weapons and melee attacks
   (+2).
   It protects you from cold.
   It insulates you from electricity.
   It protects you from poison.
Wands
 z - a wand of scattershot (10)
 D - a wand of enslavement (22)
 N - a wand of acid (28)
 S - a wand of paralysis (54)
 T - a wand of clouds (20)
 Y - a wand of digging (16)
Scrolls
 i - 34 scrolls of remove curse
 l - a scroll of identify
 m - 2 scrolls of silence
 w - 22 scrolls of teleportation
 B - 8 scrolls of fear
 H - 5 scrolls of magic mapping
 L - 2 scrolls of holy word
 M - 4 scrolls of fog
 X - 9 scrolls of summoning
Potions
 g - 2 potions of invisibility
 j - a potion of agility
 n - 2 potions of ambrosia
 p - 3 potions of haste
 q - 16 potions of curing
 u - 7 potions of magic
 I - 4 potions of might
 O - a potion of cancellation
 P - 4 potions of heal wounds
 R - a potion of resistance
 W - 6 potions of berserk rage
Miscellaneous
 a - 7 boxes of beasts
 b - 3 sacks of spiders
 c - 6 phantom mirrors
 e - a lamp of fire
 o - the horn of Geryon
 s - a fan of gales
 y - a phial of floods
 F - a lightning rod (4/4)
Comestibles
 f - 87 rations


   Skills:
 O Level 27 Fighting
 + Level 16.9(23.6) Axes
 O Level 27 Maces & Flails
   Level 7.1(19.6) Staves
 - Level 24.0 Throwing
 - Level 24.6 Armour
 - Level 25.1 Dodging
 - Level 13.9 Stealth
 - Level 21.7 Shields
 - Level 6.8 Spellcasting
 - Level 8.0 Conjurations
 - Level 3.0 Translocations
 - Level 20.5 Evocations


You had 31 spell levels left.
You knew the following spells:

 Your Spells              Type           Power        Failure   Level  Hunger
b - Searing Ray           Conj           #####.       1%          2    None
c - Iskenderun's Mystic   Conj           #####...     9%          4    ###....
d - Blink                 Tloc           N/A          11%         2    None

Your spell library contained the following spells:

 Spells                   Type           Power        Failure   Level  Hunger
 Magic Dart               Conj           ####         1%          1    None
 Flame Tongue             Conj/Fire      ###..        4%          1    None
 Shock                    Conj/Air       ###.         4%          1    None
 Apportation              Tloc           ###...       7%          1    None
 Throw Flame              Conj/Fire      ###...       7%          2    None
 Throw Frost              Conj/Ice       ###...       7%          2    None
 Conjure Flame            Conj/Fire      ###.....     14%         3    #......
 Dazzling Spray           Conj/Hex       ###...       14%         3    #......
 Stone Arrow              Conj/Erth      ###...       14%         3    #......
 Gell's Gravitas          Tloc           ###.......   21%         3    #......
 Animate Skeleton         Necr           N/A          24%         1    None
 Beastly Appendage        Tmut           #.....       24%         1    None
 Confusing Touch          Hex            #.....       24%         1    None
 Corona                   Hex            #......      24%         1    None
 Freeze                   Ice            #...         24%         1    None
 Pain                     Necr           #...         24%         1    None
 Sandblast                Erth           #.....       24%         1    None
 Summon Small Mammal      Summ           #...         24%         1    None
 Mephitic Cloud           Conj/Pois/Air  ###.....     24%         3    #......
 Force Lance              Conj/Tloc      ####....     24%         4    ###....
 Call Imp                 Summ           #.......     34%         2    None
 Corpse Rot               Necr           N/A          34%         2    None
 Ensorcelled Hibernation  Hex/Ice        #.....       34%         2    None
 Poisonous Vapours        Pois/Air       #.....       34%         2    None
 Slow                     Hex            #.......     34%         2    None
 Sticks to Snakes         Tmut           #.......     34%         2    None
 Sublimation of Blood     Necr           #.........   34%         2    None
 Swiftness                Chrm/Air       #.......     34%         2    None
 Recall                   Summ/Tloc      N/A          36%         3    #......
 Fulminant Prism          Conj/Hex       ###.......   41%         4    ###....
 Sticky Flame             Conj/Fire      ###.....     41%         4    ###....
 Throw Icicle             Conj/Ice       ###.....     41%         4    ###....
 Confuse                  Hex            #.......     56%         3    #......
 Ignite Poison            Fire/Tmut/Pois #.......     56%         3    #......
 Inner Flame              Hex/Fire       #.......     56%         3    #......
 Ozocubu's Armour         Chrm/Ice       #.......     56%         3    #......
 Spider Form              Tmut/Pois      #.........   56%         3    #......
 Tukima's Dance           Hex            #.......     56%         3    #......
 Bolt of Draining         Conj/Necr      ###.......   77%         5    #####..
 Fireball                 Conj/Fire      ###.......   77%         5    #####..
 Irradiate                Conj/Tmut      ###.......   77%         5    #####..
 Animate Dead             Necr           N/A          93%         4    ###....
 Cause Fear               Hex            #.........   93%         4    ###....
 Ice Form                 Ice/Tmut       #.......     93%         4    ###....
 Leda's Liquefaction      Hex/Erth       #.........   93%         4    ###....
 Petrify                  Tmut/Erth      #.......     93%         4    ###....
 Summon Ice Beast         Ice/Summ       #.......     93%         4    ###....
 Summon Forest            Summ/Tloc      ##........   98%         5    #####..
 Agony                    Necr           #.......     100%        5    #####..
 Alistair's Intoxication  Tmut/Pois      #.......     100%        5    #####..
 Aura of Abjuration       Summ           #.........   100%        5    #####..
 Blade Hands              Tmut           #.........   100%        5    #####..
 Borgnjor's Vile Clutch   Necr/Erth      #.........   100%        5    #####..
 Dispel Undead            Necr           #.......     100%        5    #####..
 Excruciating Wounds      Chrm/Necr      #.........   100%        5    #####..
 Lee's Rapid Deconstruct  Erth           #.........   100%        5    #####..
 Metabolic Englaciation   Hex/Ice        #.........   100%        5    #####..
 Silence                  Hex/Air        #.........   100%        5    #####..
 Summon Demon             Summ           #.........   100%        5    #####..
 Summon Mana Viper        Hex/Summ       #.......     100%        5    #####..
 Yara's Violent Unravell  Hex/Tmut       #.........   100%        5    #####..
 Bolt of Cold             Conj/Ice       ###.......   100%        6    ######.
 Bolt of Fire             Conj/Fire      ###.......   100%        6    ######.
 Darkness                 Hex            #.........   100%        6    ######.
 Death Channel            Necr           #.........   100%        6    ######.
 Freezing Cloud           Conj/Ice/Air   ###.......   100%        6    ######.
 Hydra Form               Tmut           #.........   100%        6    ######.
 Ozocubu's Refrigeration  Ice            #.........   100%        6    ######.
 Shadow Creatures         Summ           N/A          100%        6    ######.
 Simulacrum               Ice/Necr       #.........   100%        6    ######.
 Dragon Form              Tmut           #.........   100%        7    #######
 Ring of Flames           Chrm/Fire      #.........   100%        7    #######
 Summon Hydra             Summ           #.........   100%        7    #######
 Dragon's Call            Summ           #.........   100%        9    #######
 Tornado                  Air            #.........   100%        9    #######


Dungeon Overview and Level Annotations

Branches:
Dungeon (15/15)            Temple (1/1) D:4            Lair (6/6) D:8
 Shoals (4/4) Lair:4        Snake (4/4) Lair:3        Slime (5/5) Lair:6
    Orc (2/2) D:12            Elf (3/3) Orc:2        Vaults (5/5) D:13
  Crypt (3/3) Vaults:2       Tomb (2/3) Crypt:3      Depths (5/5) D:15
   Hell (1/1)                 Dis (7/7) Hell            Geh (7/7) Hell
    Coc (7/7) Hell            Tar (0/7) Hell            Zot (0/5) Depths:5

Altars:
Ashenzari
Cheibriados
Dithmenos
Elyvilon
Fedhas
Gozag
Hepliaklqana
Kikubaaqudgha
Makhleb
Nemelex Xobeh
Okawaru
Qazlal
Ru
Sif Muna
Trog
Uskayaw
Vehumet
Wu Jian
Xom
Yredelemnul
Zin
The Shining One
Beogh
Jiyva

Shops:
D:6 }   Orc:1 (   Orc:2 [[[}   Elf:2 }}=   Shoals:3 [   Snake:1 =   Snake:2 %:
Snake:3 *

Portals:
Hell: Depths:1 Depths:2 Depths:3 Depths:4 Depths:5
Abyss: Depths:1 Depths:4 Depths:5
Pandemonium: Depths:3
Ziggurat: Depths:1

Annotations:
D:9 3 runed translucent doors, lilly's ghost, novice MiMo
Lair:1 2 transporters, Shaidar's ghost, journeyman MiBe
Shoals:3 exclusion: oklob plant
Shoals:4 3 runed translucent doors, Redear's ghost, adept DsCK; TheNamelessOne's ghost, adept OpAs
Elf:2 3 runed translucent doors
Depths:1 exclusions: 2 eyes of devastation and 2 eyes of draining


Innate Abilities, Weirdness & Mutations

You have a beak for a mouth.
You have claws for feet.
You can fly continuously.
You have a pair of small horns on your head.
You are partially covered in slimy green scales. (AC +2)
You possess an exceptional clarity of mind.
Your flesh is cold resistant. (rC+)
Potions are less effective at restoring your health.


Message History

You spin and attack the Hell Sentinel repeatedly.
You whack the Hell Sentinel!
The Hell Sentinel convulses!
You claw the Hell Sentinel, but do no damage.
The Hell Sentinel is heavily wounded.
You hit the Hell Sentinel but do no damage.
You headbutt the Hell Sentinel, but do no damage.
You peck the Hell Sentinel, but do no damage.
The Hell Sentinel is heavily wounded.
You spin and attack the iron imp repeatedly.
You punish the iron imp, causing immense pain!!!
You kill the iron imp!
The Council accepts your kill. The Hell Sentinel gestures at you.
The sphere of damnation explodes!
The damnation engulfs you!!
* * * LOW HITPOINT WARNING * * *
The damnation engulfs the Hell Sentinel.
The Hell Sentinel completely resists.
The quicksilver dragon breathes dispelling energy at you.
The bolt of dispelling energy hits you!!
You die...

........#...#....# ......
........#.).#...#####......
...[....#...#...#...'.....#
####.)[.##)##...#...#
#..'))..).......#.(.#
#[.#)).).)..)...##'###
####.......)(...[(...##
.......)..........)(..#
.........).D....@(....##
####...#######.).1.†...#
#####.....'.....)...##
.....#..D..(....#
.....#.)........## ####
#...........#
#.............#
##.............#
##............#


You could see a Hell Sentinel (pinned) and 2 quicksilver dragons.

Vanquished Creatures
  Cerebov (Pan)
  Antaeus (Coc:7)
  Asmodeus (Geh:7)
  Gloorx Vloq (Pan)
  the Royal Jelly (Slime:5)
  the Serpent of Hell (Dis:7)
  Mnoleg (Pan)
  Lom Lobon (Pan)
  Mara (Tomb:1)
  Mennas (Crypt:1)
  8 ancient liches
  23 greater mummies
  Boris (Depths:5)
  15 shard shrikes
  Saint Roka (Orc:2)
  Vashnia (Snake:2)
  A caustic shrike (Depths:2)
  2 golden dragons
  Geryon (Hell)
  Nikola (Snake:1)
  the Enchantress (Depths:5)
  6 bone dragons
  4 Tzitzimimeh
  19 Brimstone Fiends
  9 tentacled monstrosities
  7 iron giants
  5 pandemonium lords (Pan)
  3 hellephants
  6 Hell Sentinels
  36 Ice Fiends
  Jorgrun (Orc:1)
  A shard shrike zombie (Crypt:2)
  The ghost of D1HalberdGnoll the Warrior, an adept DrAK of Lugonu (Vaults:2)
  Rupert (Orc:2)
  12 liches
  3 quicksilver dragons (Dis:7)
  6 titans
  2 deep elf blademasters (Elf:3)
  An acid blob (shapeshifter) (Vaults:3)
  32 Executioners
  24 acid blobs
  4 deep elf master archers (Elf:3)
  Frances (Snake:1)
  Gastronok (Lair:3)
  2 eldritch tentacles
  Kirke (D:15)
  19 ancient champions
  7 tentacled starspawn
  3 shadow dragons
  11 sphinxes
  3 revenants
  A storm dragon (shapeshifter) (Elf:3)
  2 tengu reavers (Vaults:5)
  6 storm dragons
  4 warmongers (Pan)
  13 azure jellies
  Ilsuiw (Shoals:4)
  20 fire giants
  6 nagarajas
  3 orc warlords
  18 cacodemons
  36 balrugs
  8 iron dragons
  9 frost giants
  5 deep elf sorcerers
  A deep elf elementalist (Elf:3)
  A draconian stormcaller (Abyss:5)
  Aizul (Snake:1)
  A caustic shrike zombie (Depths:1)
  4 ghost moths
  19 vault wardens
  23 ironheart preservers
  3 draconian shifters (Depths:5)
  8 curse skulls
  5 ghouls
  3 draconian annihilators (Pan)
  8 elemental wellsprings
  55 reapers
  5 spriggan defenders
  3 entropy weavers
  19 war gargoyles
  6 blood saints (Pan)
  53 very ugly things
  7 corrupters (Pan)
  7 bennus
  24 stone giants
  A green draconian (Depths:5)
  11 vampire knights
  10 black suns (Pan)
  11 deep elf annihilators
  2 black draconians (Depths:5)
  A purple draconian (Depths:5)
  Nessos (D:14)
  12 deep elf demonologists
  8 spark wasps
  A yellow draconian (Depths:5)
  Azrael (Snake:2)
  13 lorocyprocas
  2 white draconians
  Snorg (Lair:3)
  A spark wasp (shapeshifter) (Vaults:2)
  A dire elephant (Depths:3)
  9 eidola
  11 quicksilver dragon zombies
  12 ettins
  8 merfolk javelineers
  17 blizzard demons
  14 mummy priests
  12 death oozes
  10 deep elf death magi
  Josephine (D:11)
  8 merfolk impalers
  27 yaktaur captains
  5 deep elf high priests
  3 kraken zombies
  10 green deaths
  10 jiangshi
  13 fire dragons
  13 great orbs of eyes
  32 vault guards
  10 hydras
  23 ice dragons
  3 quicksilver dragon skeletons
  11 rakshasas
  15 naga warriors
  Fannar (Lair:3)
  5 spriggan air magi
  4 merfolk avatars
  3 hell beasts
  Erica (D:9)
  14 anacondas
  3 death knights
  4 monstrous demonspawn (Pan)
  11 centaur warriors
  17 dancing weapons
  9 merfolk aquamancers
  A satyr (Shoals:4)
  26 hell hogs
  14 ogre magi
  6 deep troll shamans
  6 death yaks
  50 two-headed ogres
  3 tengu warriors
  26 death scarabs (Tomb:2)
  11 vampire magi
  7 orc high priests
  13 shock serpents
  9 deep troll earth magi
  20 thrashing horrors
  Urug (D:11)
  49 hell knights
  Nergalle (Lair:3)
  7 storm dragon zombies
  8 titan zombies
  15 deep elf knights
  14 naga sharpshooters
  14 iron trolls
  9 spriggan berserkers
  84 large abominations
  8 titan skeletons
  An iron golem (Dis:7)
  48 soul eaters
  9 shadow wraiths
  54 sun demons
  Sonja (Lair:6)
  7 wretched stars
  18 sixfirhies
  4 ghost moth zombies
  170 skeletal warriors
  4 golden dragon zombies
  8 salamander mystics
  9 flayed ghosts
  A spatial maelstrom (Abyss:5)
  10 torturous demonspawn (Pan)
  8 sea snakes
  7 infernal demonspawn (Pan)
  6 shadow demons
  35 deep trolls
  17 anaconda zombies
  6 naga ritualists
  3 gelid demonspawn
  4 golden dragon skeletons
  5 unseen horrors
  An unseen horror (shapeshifter) (Abyss:4)
  8 wizards
  An obsidian statue (D:15)
  3 orange crystal statues
  A deep troll (shapeshifter) (Depths:4)
  4 lindwurms (Snake:4)
  5 storm dragon skeletons
  An iron giant skeleton (Crypt:2)
  21 orc knights
  6 shadow dragon zombies
  A swamp dragon (Lair:6)
  13 anaconda skeletons
  23 deep elf archers
  6 glowing orange brains
  15 phantasmal warriors
  4 shining eyes
  7 wolf spider zombies
  2 harpies (shapeshifter)
  20 ironbrand convokers
  48 deep elf magi
  14 harpies
  2 iron dragon zombies
  6 stone giant zombies
  13 salamanders
  8 frost giant zombies
  6 human zombies
  9 orc sorcerers
  20 necromancers
  5 wolf spiders
  9 fire giant zombies
  22 mana vipers
  A manticore (shapeshifter) (Depths:4)
  6 worldbinders
  57 ugly things
  11 cyclopes
  7 shadow dragon skeletons
  5 fauns
  21 manticores
  10 merfolk sirens
  13 stone giant skeletons
  5 dire elephant zombies
  8 elephants (Lair:5)
  A sphinx skeleton (Vaults:1)
  4 fire giant skeletons
  3 apocalypse crabs
  3 shock serpent zombies
  37 rust devils
  12 iron dragon skeletons
  An eye of devastation (shapeshifter) (Vaults:5)
  8 guardian serpents (Snake:4)
  21 naga magi
  A salamander (shapeshifter) (Vaults:5)
  8 frost giant skeletons
  3 eyes of devastation
  6 molten gargoyles (Geh:7)
  2 water nymphs (Shoals:2)
  20 vault sentinels
  87 smoke demons
  12 spiny frogs
  42 black mambas
  24 orange demons
  A storm dragon simulacrum (Depths:2)
  3 ice statues
  2 shock serpent skeletons (Crypt:2)
  3 emperor scorpion zombies
  A swamp worm zombie (Crypt:3)
  30 hellions
  A torpor snail (Lair:6)
  29 small abominations
  55 yaktaurs
  An alligator snapping turtle zombie (Crypt:1)
  45 freezing wraiths
  4 komodo dragons (Lair:6)
  61 tormentors
  8 dire elephant skeletons
  9 efreet
  37 ice devils
  3 rime drakes
  A yaktaur (shapeshifter) (Elf:3)
  54 hellwings
  3 demonic crawlers (Pan)
  21 guardian mummies
  48 red devils
  A catoblepas skeleton (Coc:3)
  A meliai (shapeshifter) (Depths:2)
  3 tengu conjurers
  22 hydra zombies
  5 harpy zombies
  A purple draconian skeleton (Crypt:2)
  A polar bear (shapeshifter) (D:13)
  8 ancient zymes
  2 jumping spiders
  A grey draconian skeleton (Crypt:2)
  6 trolls
  10 hornets
  23 merfolk
  3 meliai (D:13)
  Grinder (D:6)
  25 polar bears
  6 wind drakes
  A blink frog (shapeshifter) (Elf:1)
  8 ettin zombies
  5 harpy skeletons
  13 hydra skeletons
  A dream sheep (shapeshifter) (Vaults:5)
  75 slime creatures
  A hippogriff (shapeshifter) (Depths:4)
  20 blink frogs
  8 ice dragon zombies
  22 raiju
  21 hippogriffs
  9 alligator zombies
  8 fire dragon zombies
  A meliai zombie (D:11)
  8 snapping turtles
  4 dream sheep
  2 alligator skeletons
  142 flying skulls
  7 spriggans
  3 ice dragon skeletons
  6 starcursed masses
  A tarantella (shapeshifter) (Depths:2)
  20 shadows
  7 ettin skeletons
  11 fire dragon skeletons
  3 vampires
  43 water elementals
  A black mamba zombie (Geh:7)
  45 wraiths
  5 fire bats
  39 ynoxinuls
  3 air elementals
  2 redbacks (Vaults:1)
  A tarantella (Vaults:1)
  5 hungry ghosts
  13 ushabtiu
  5 basilisks
  6 black mamba skeletons
  28 chaos spawn
  22 fire elementals
  10 wyverns
  61 yaks
  11 golden eyes
  30 neqoxecs
  6 hogs (D:15)
  6 vampire mosquitoes
  A steam dragon (Lair:6)
  A golden eye (shapeshifter) (Depths:1)
  14 spatial vortices (Abyss:5)
  2 ogre zombies
  26 nagas
  The ghost of Esekla the Magician, an amateur OpWz (D:3)
  18 wargs
  4 acid dragons
  62 hell hounds
  16 spiny frog zombies
  17 water moccasins
  3 hydra simulacra
  6 porcupines
  3 sky beasts
  2 swamp dragon zombies
  A two-headed ogre skeleton (Crypt:1)
  6 spiny frog skeletons
  A floating eye (Slime:3)
  2 swamp drakes (Lair:6)
  22 ice beasts
  12 black bears
  6 eyes of draining
  56 orc warriors
  A hornet zombie (Crypt:2)
  An ettin simulacrum (Vaults:2)
  8 phantoms
  8 boggarts
  13 necrophages
  4 swamp dragon skeletons
  3 alligator simulacra
  5 snapping turtle zombies
  50 ogres
  36 centaurs
  2 manticore skeletons
  43 wolves
  6 snapping turtle skeletons
  A blink frog skeleton (Crypt:2)
  8 crocodiles
  8 big kobolds
  17 bullfrogs
  A bullfrog (shapeshifter) (Vaults:1)
  A merfolk simulacrum (Coc:1)
  4 earth elementals
  A wyvern zombie (D:13)
  A yaktaur skeleton (Crypt:3)
  An elf skeleton (Geh:1)
  3 scorpions (D:4)
  A scorpion (shapeshifter) (Depths:1)
  6 killer bees (D:8)
  2 troll zombies
  2 snapping turtle simulacra
  A queen bee zombie (Crypt:1)
  A warg skeleton (Crypt:3)
  80 wights
  2 electric eels
  2 howler monkeys (D:7)
  22 crimson imps
  2 bullfrog zombies
  2 quasits
  4 centaur zombies
  38 orc priests
  39 iron imps
  3 jellies
  8 centaur skeletons
  10 hounds
  24 orc wizards
  3 bullfrog skeletons
  Ijyb (D:4)
  A human skeleton (Coc:1)
  7 iguanas
  10 worker ants
  A porcupine skeleton (Crypt:2)
  A tengu zombie (Crypt:2)
  2 naga skeletons
  A naga zombie (Dis:7)
  4 tengu skeletons
  2 ogre skeletons (Crypt:2)
  A hound zombie (D:7)
  A hound skeleton (D:5)
  63 mummies
  3 worker ant zombies
  A howler monkey zombie (Crypt:3)
  25 adders
  12 gnolls
  2 river rats (Sewer)
  A scorpion zombie (Crypt:3)
  4 shadow imps
  31 white imps
  4 ufetubi
  5 oozes
  An adder zombie (D:6)
  A halfling zombie (Crypt:3)
  An adder skeleton (Crypt:1)
  A lava snake skeleton (Crypt:1)
  8 worms
  3 ball lightnings (Pan)
  A dart slug (D:3)
  A leopard gecko (D:2)
  158 orcs
  8 bats
  6 giant cockroaches
  10 goblins
  9 hobgoblins
  12 jackals
  8 quokkas
  3 ball pythons
  A ball python zombie (D:6)
  4 frilled lizards
  A jackal skeleton (Crypt:1)
  A jackal zombie (D:7)
  24 kobolds
  A kobold zombie (Dis:5)
  A leopard gecko zombie (D:5)
  An orc skeleton (Coc:7)
  14 rats
  4 crawling corpses
  8 fire vortices
  2 lurking horrors
  2 plants (Lair:6)
  7 starspawn tentacles
  2 tentacles (Coc:7)
5225 creatures vanquished.

Vanquished Creatures (collateral kills)
  Xtahua (Crypt:1)
  A naga (Snake:1)
2 creatures vanquished.

Vanquished Creatures (others)
  Margery (Vaults:4)
  An eldritch tentacle (Pan)
  A shadow dragon (Vaults:5)
  A fire giant (Depths:3)
  An iron dragon (Vaults:5)
  A yaktaur captain (Vaults:5)
  An ogre mage (Vaults:3)
  3 deep elf magi
  A necromancer (Geh:4)
  2 smoke demons (Pan)
  2 hellions (Geh:7)
  2 yaktaurs (Vaults:5)
  A merfolk (Shoals:1)
  A water elemental (Hell)
  2 hell hounds
  A spiny frog zombie (Dis:5)
  An orc warrior (Vaults:5)
  A manticore zombie (Geh:7)
  An ogre (Depths:3)
  An elf skeleton (Dis:2)
  A jelly (D:14)
  A ball lightning (Pan)
  A frilled lizard (D:3)
  8 fungi
  15 plants
  11 starspawn tentacles
  14 tentacles (Coc:7)
  6 withered plants (Shoals:4)
83 creatures vanquished.

Grand Total: 5310 creatures vanquished

Notes
Turn   | Place    | Note
-------+----------+-------------------------------------------
     0 | D:1      | soonmide the Tengu Gladiator began the quest for the Orb.
     0 | D:1      | Reached XP level 1. HP: 12/12 MP: 2/2
   197 | D:1      | Reached XP level 2. HP: 16/18 MP: 3/3
   879 | D:2      | Reached XP level 3. HP: 22/22 MP: 4/4
  1213 | D:2      | Found an ornate altar of the Wu Jian Council.
  1213 | D:2      | Found an opulent altar of Gozag.
  1225 | D:2      | Became a worshipper of the Wu Jian Council
  1241 | D:2      | Reached XP level 4. HP: 17/28 MP: 5/5
  2034 | D:3      | Found a transporter.
  2034 | D:3      | Noticed Esekla's ghost (amateur OpWz)
  2070 | D:3      | Found a glowing drain.
  2092 | D:3      | Gained mutation: You can fly continuously. [Tengu growth]
  2092 | D:3      | Reached XP level 5. HP: 28/33 MP: 6/6
  2111 | Sewer    | Entered a sewer
  2157 | Sewer    | Reached skill level 5 in Staves
  2438 | Sewer    | Noticed a big kobold
  2455 | Sewer    | Killed a big kobold
  2455 | Sewer    | Reached XP level 6. HP: 35/39 MP: 7/7
  2604 | Sewer    | Reached * piety under Wu Jian
  2729 | Sewer    | Reached skill level 5 in Fighting
  2751 | Sewer    | Reached XP level 7. HP: 43/44 MP: 8/8
  2985 | D:3      | Found a transporter.
  3016 | D:3      | Killed Esekla's ghost
  3363 | D:3      | Found a shimmering altar of Xom.
  3680 | D:4      | Reached skill level 1 in Armour
  3682 | D:4      | Found a staircase to the Ecumenical Temple.
  3704 | D:4      | Reached XP level 8. HP: 42/51 MP: 9/9
  3725 | Temple   | Entered the Ecumenical Temple
  3925 | D:4      | Got a crude whip
  4076 | D:4      | Identified the +10 whip of Prudence {drain, *Rage +Blink
                  | Str+4} (You found it on level 4 of the Dungeon)
  4254 | D:4      | Reached skill level 1 in Maces & Flails
  4258 | D:4      | Got a pitted bone ring
  4260 | D:4      | Identified the ring "Fuen" {*Tele rElec Dex+4} (You found
                  | it on level 4 of the Dungeon)
  4446 | D:4      | Noticed Ijyb
  4456 | D:4      | Killed Ijyb
  4606 | D:5      | Entered Level 5 of the Dungeon
  4615 | D:5      | Reached ** piety under Wu Jian
  4658 | D:5      | Reached skill level 5 in Dodging
  4795 | D:5      | Found a white marble altar of Elyvilon.
  5147 | D:6      | Found a burning altar of Makhleb.
  5149 | D:6      | Noticed a cacodemon
  5153 | D:6      | Noticed a hellwing
  5153 | D:6      | Noticed a hellwing
  5229 | D:6      | Noticed Grinder
  5229 | D:6      | Paralysed by Grinder for 2 turns
  5252 | D:6      | Killed Grinder
  5252 | D:6      | Reached skill level 5 in Armour
  5252 | D:6      | Reached XP level 9. HP: 55/55 MP: 10/10
  5481 | D:6      | Reached skill level 5 in Maces & Flails
  5770 | D:6      | Reached *** piety under Wu Jian
  5860 | D:6      | Found Gutal's Gadget Boutique.
  5884 | D:6      | Learned a level 1 spell: Magic Dart
  5887 | D:6      | Learned a level 2 spell: Searing Ray
  5898 | D:6      | Reached skill level 1 in Conjurations
  5936 | D:6      | Found a deep blue altar of Sif Muna.
  5987 | D:7      | Reached skill level 1 in Spellcasting
  6073 | D:7      | Found a snail-covered altar of Cheibriados.
  6135 | D:7      | Noticed a hornet
  6148 | D:7      | Killed a hornet
  6465 | D:8      | Reached skill level 5 in Conjurations
  6465 | D:8      | Reached XP level 10. HP: 59/61 MP: 15/15
  6512 | D:8      | Reached **** piety under Wu Jian
  6667 | D:8      | Identified the +8 war axe "Jesogib" {chop, Stlth+}
  6669 | D:8      | Found a staircase to the Lair.
  6906 | D:8      | Found a shattered altar of Ashenzari.
  7105 | D:8      | Reached ***** piety under Wu Jian
  7189 | D:9      | Found a sacrificial altar of Ru.
  7271 | D:9      | Found a runed translucent gate.
  7277 | D:9      | Found a runed translucent gate.
  7277 | D:9      | Found an opulent altar of Gozag.
  7278 | D:9      | Found a runed translucent gate.
  7281 | D:9      | Noticed lilly's ghost (novice MiMo)
  7411 | D:9      | Found a blossoming altar of Fedhas.
  7469 | D:9      | Noticed Erica
  7475 | D:9      | Killed Erica
  7475 | D:9      | Reached skill level 5 in Throwing
  7475 | D:9      | Reached XP level 11. HP: 69/69 MP: 16/16
  7798 | Lair:1   | Entered Level 1 of the Lair of Beasts
  7848 | Lair:1   | Got an encrusted leather armour
  7861 | Lair:1   | Identified the +3 leather armour of the Prince of Darkness
                  | {rC+ Str+2 SInv} (You found it on level 1 of the Lair of
                  | Beasts)
  8463 | Lair:1   | Found a transporter.
  8469 | Lair:1   | Noticed a moth of wrath
  8469 | Lair:1   | Noticed a moth of wrath
  8469 | Lair:1   | Identified the +0 trident "Aqiji" {antimagic, *Corrode
                  | rElec rN+}
  8469 | Lair:1   | Noticed a spriggan rider
  8469 | Lair:1   | Noticed Shaidar's ghost (journeyman MiBe)
  8482 | Lair:1   | Found a transporter.
  8485 | Lair:1   | Identified the +8 quarterstaff of Voufudud {elec, *Corrode
                  | Dex+4}
  8485 | Lair:1   | Noticed a spriggan berserker
  8487 | Lair:1   | Found a bloodstained altar of Trog.
  8493 | Lair:1   | Identified the +6 spear of Exquisite Torment {antimagic,
                  | rPois Int+4}
  8493 | Lair:1   | Noticed a spriggan rider
  8780 | Lair:2   | Learned a level 4 spell: Iskenderun's Mystic Blast
  9214 | Lair:2   | Reached skill level 10 in Fighting
  9771 | Lair:3   | Reached XP level 12. HP: 77/77 MP: 17/17
  9902 | Lair:3   | Found a staircase to the Snake Pit.
  9903 | Lair:3   | Noticed Nergalle
  9922 | Lair:3   | Killed Nergalle
 10023 | Lair:3   | Noticed Snorg
 10030 | Lair:3   | Killed Snorg
 10436 | Lair:3   | Noticed Fannar
 10453 | Lair:3   | Reached skill level 10 in Maces & Flails
 10466 | Lair:3   | Killed Fannar
 10522 | Lair:3   | Noticed Gastronok
 10548 | Lair:3   | Killed Gastronok
 11198 | Lair:4   | Noticed a death yak
 11229 | Lair:4   | Noticed a death yak
 11229 | Lair:4   | Noticed a death yak
 11230 | Lair:4   | Noticed a death yak
 11230 | Lair:4   | Noticed a death yak
 11231 | Lair:4   | Found a staircase to the Shoals.
 11234 | Lair:4   | Killed a death yak
 11236 | Lair:4   | Killed a death yak
 11236 | Lair:4   | Killed a death yak
 11236 | Lair:4   | Reached XP level 13. HP: 82/82 MP: 18/18
 11237 | Lair:4   | Reached skill level 10 in Dodging
 12281 | Lair:5   | Reached skill level 10 in Throwing
 12827 | Lair:6   | Entered Level 6 of the Lair of Beasts
 13120 | Lair:6   | Noticed a fire dragon
 13130 | Lair:6   | Killed a fire dragon
 13298 | Lair:6   | Found a staircase to the Slime Pits.
 13298 | Lair:6   | Found a viscous altar of Jiyva.
 13324 | Lair:6   | Reached XP level 14. HP: 90/90 MP: 19/19
 13866 | Lair:6   | Reached skill level 1 in Evocations
 14704 | Lair:6   | Noticed Sonja
 14715 | Lair:6   | Killed Sonja
 14925 | D:10     | Entered Level 10 of the Dungeon
 15875 | D:11     | Noticed Josephine
 15885 | D:11     | Killed Josephine
 15955 | D:11     | Found a stormy altar of Qazlal.
 16012 | D:11     | Noticed Urug
 16025 | D:11     | Killed Urug
 16152 | D:11     | Got an ancient plate armour
 16153 | D:11     | Identified the cursed +0 plate armour of Dicimp {rC+ rN+
                  | Int+3} (You found it on level 11 of the Dungeon)
 16385 | D:12     | Reached skill level 10 in Armour
 16393 | D:12     | Found a frozen archway.
 16414 | IceCv    | Entered an ice cave
 16829 | IceCv    | Reached XP level 15. HP: 98/98 MP: 20/20
 17180 | IceCv    | Identified the cursed +1 short sword of Offence {pierce,
                  | +Fly MR+} (You found it in an ice cave)
 17533 | D:12     | Found a staircase to the Orcish Mines.
 18121 | Orc:1    | Entered Level 1 of the Orcish Mines
 18326 | Orc:1    | Noticed an orc warlord
 18336 | Orc:1    | Killed an orc warlord
 18343 | Orc:1    | Noticed Jorgrun
 18351 | Orc:1    | Killed Jorgrun
 18534 | Orc:1    | Found Mobahaont's Antique Weapon Shop.
 18611 | Orc:1    | Found a roughly hewn altar of Beogh.
 18917 | Orc:2    | Entered Level 2 of the Orcish Mines
 19043 | Orc:2    | Found a roughly hewn altar of Beogh.
 19069 | Orc:2    | Paralysed by an orc sorcerer for 3 turns
 19364 | Orc:2    | Found Jud Onag's Gadget Boutique.
 19387 | Orc:2    | Found Qytra's Antique Armour Shop.
 19427 | Orc:2    | Bought a cloak for 126 gold pieces
 19427 | Orc:2    | Bought a buckler for 126 gold pieces
 19670 | Orc:2    | Reached skill level 1 in Shields
 19989 | Orc:2    | Noticed Rupert
 20005 | Orc:2    | Killed Rupert
 20341 | Orc:2    | Reached ****** piety under Wu Jian
 20383 | Orc:2    | Found a staircase to the Elven Halls.
 20454 | Orc:2    | Got a transparent tin ring
 20455 | Orc:2    | Identified the cursed ring "Rewaneac" {rF- EV-3 Str+4
                  | Stlth+} (You found it on level 2 of the Orcish Mines)
 20519 | Orc:2    | Noticed Saint Roka
 20530 | Orc:2    | Killed Saint Roka
 20530 | Orc:2    | Reached XP level 16. HP: 107/107 MP: 21/21
 20535 | Orc:2    | Found a roughly hewn altar of Beogh.
 20656 | Orc:2    | Found Gusasch's Antique Armour Emporium.
 20697 | Orc:2    | Found Xegacwat's Antique Armour Shoppe.
 20877 | Orc:2    | Bought a crude plate armour for 616 gold pieces
 20877 | Orc:2    | Bought a runed scarf for 176 gold pieces
 20877 | Orc:2    | Bought a pair of embroidered gloves for 165 gold pieces
 20877 | Orc:2    | Bought a pair of glowing gloves for 165 gold pieces
 20889 | Orc:2    | Identified the +10 plate armour "Usaehyan" {rF+ MP+9 Str+4
                  | Stlth+} (You bought it in a shop on level 2 of the Orcish
                  | Mines)
 21402 | D:13     | Found a gate to the Vaults.
 21742 | D:13     | Found a large runed translucent door.
 21742 | D:13     | Found a large runed translucent door.
 21960 | D:13     | Found an iron altar of Okawaru.
 21962 | D:13     | Found an iron altar of Okawaru.
 22275 | D:14     | Noticed Nessos
 22306 | D:14     | Killed Nessos
 22764 | D:15     | Entered Level 15 of the Dungeon
 23303 | D:15     | Noticed Kirke
 23335 | D:15     | Upgraded the game from 0.24-a0-307-gf989941d98 to
                  | 0.24-a0-309-g1095bcad4c
 23560 | D:15     | Killed Kirke
 23861 | D:15     | Reached XP level 17. HP: 97/112 MP: 22/22
 24068 | D:15     | Found a staircase to the Depths.
 24514 | Shoals:1 | Entered Level 1 of the Shoals
 24561 | Shoals:1 | Identified the +1 scale mail "Bofumesch" {rC- Str+4 Dex+4}
                  | (You found it on level 1 of the Shoals)
 24892 | Shoals:1 | Reached skill level 15 in Maces & Flails
 26324 | Shoals:2 | You are sucked into a shaft!
 26375 | Shoals:2 | Identified a scroll of acquirement
 26376 | Shoals:2 | Got a sparkling platinum amulet
 27386 | Shoals:3 | Found Roett's Antique Armour Shop.
 27472 | Shoals:3 | Found a snail-covered altar of Cheibriados.
 27773 | Shoals:4 | Entered Level 4 of the Shoals
 28202 | Shoals:4 | Noticed Ilsuiw
 28754 | Shoals:4 | Found a runed translucent gate.
 28754 | Shoals:4 | Found a runed translucent gate.
 28754 | Shoals:4 | Found a runed translucent gate.
 28755 | Shoals:4 | Noticed Redear's ghost (adept DsCK)
 28755 | Shoals:4 | Noticed TheNamelessOne's ghost (adept OpAs)
 28764 | Shoals:4 | Reached skill level 15 in Fighting
 29013 | Shoals:4 | Killed Ilsuiw
 29542 | Shoals:4 | Reached XP level 18. HP: 87/119 MP: 23/23
 29659 | Shoals:4 | Got a barnacled rune of Zot
 30035 | Snake:1  | Entered Level 1 of the Snake Pit
 30771 | Snake:1  | Found Taar's Jewellery Shop.
 30771 | Snake:1  | Noticed Aizul
 30792 | Snake:1  | Killed Aizul
 30806 | Snake:1  | Bought a cursed amulet of inaccuracy for 40 gold pieces
 30806 | Snake:1  | Bought the ring "Gouly" {rElec rPois rC+ Str+4 Dex+3
                  | Slay+2} for 1326 gold pieces
 30985 | Snake:1  | Noticed Nikola
 30995 | Snake:1  | Killed Nikola
 31181 | Snake:1  | Noticed Frances
 31190 | Snake:1  | Killed Frances
 31881 | Snake:2  | Found a radiant altar of Vehumet.
 31936 | Snake:2  | Noticed Azrael
 31951 | Snake:2  | Killed Azrael
 32195 | Snake:2  | Found Femouczo's Book Boutique.
 32210 | Snake:2  | Found Cesmimin's Food Shop.
 32859 | Snake:2  | Noticed Vashnia
 32889 | Snake:2  | Killed Vashnia
 33324 | Snake:3  | Found Eliamimn's Assorted Antiques.
 33331 | Snake:3  | Bought a scroll of identify for 76 gold pieces
 33331 | Snake:3  | Identified the amulet of Soimae {Gourm MR+} (You acquired
                  | it on level 2 of the Shoals)
 33545 | Snake:3  | Reached XP level 19. HP: 95/127 MP: 24/24
 33561 | Snake:3  | Learned a level 2 spell: Blink
 34028 | Snake:3  | Gained mutation: You are somewhat resistant to further
                  | mutation. [potion of mutation]
 34028 | Snake:3  | Gained mutation: You have a somewhat thin skeletal
                  | structure. (Dex +2, Stealth) [potion of mutation]
 34034 | Snake:4  | Entered Level 4 of the Snake Pit
 34074 | Snake:4  | Reached skill level 1 in Translocations
 34446 | Snake:4  | Reached skill level 5 in Evocations
 35342 | Snake:4  | Reached skill level 5 in Spellcasting
 35411 | Snake:4  | Got a serpentine rune of Zot
 36208 | Vaults:1 | Entered Level 1 of the Vaults
 36267 | Vaults:1 | Reached XP level 20. HP: 112/136 MP: 31/31
 36640 | Vaults:1 | Upgraded the game from 0.24-a0-309-g1095bcad4c to
                  | 0.24-a0-312-g16217b4a02
 37492 | Vaults:1 | Identified the ring of Ixkak {*Slow rN++ Stlth-}
 39081 | Vaults:2 | Noticed D1HalberdGnoll's ghost (adept DrAK)
 39083 | Vaults:2 | Found a runed translucent gate.
 39083 | Vaults:2 | Found a runed translucent gate.
 39083 | Vaults:2 | Found a runed translucent gate.
 39213 | Vaults:2 | Identified the +1 ring mail of Valiance {+Inv Str+2 Int-5
                  | Slay+5} (You found it on level 2 of the Vaults)
 39228 | Vaults:2 | Found a staircase to the Crypt.
 39242 | Crypt:1  | Entered Level 1 of the Crypt
 39242 | Crypt:1  | Noticed Xtahua
 39256 | Crypt:1  | Killed Xtahua
 39415 | Crypt:1  | Reached skill level 15 in Armour
 39433 | Crypt:1  | Noticed a greater mummy
 39438 | Crypt:1  | Killed a greater mummy
 39438 | Crypt:1  | Reached skill level 1 in Stealth
 39442 | Crypt:1  | Identified the cursed +0 plate armour of Qitzorey {MP+9}
                  | (You found it on level 1 of the Crypt)
 39443 | Crypt:1  | Identified the Handbook of Fetching Clay
 39498 | Crypt:1  | Reached XP level 21. HP: 127/139 MP: 32/32
 39649 | Crypt:1  | Noticed Mennas
 39674 | Crypt:1  | Killed Mennas
 39674 | Crypt:1  | Reached skill level 10 in Evocations
 40152 | Crypt:1  | Upgraded the game from 0.24-a0-312-g16217b4a02 to
                  | 0.24-a0-317-g5cb8de4b22
 40419 | Crypt:1  | Got a smoking lead ring
 40420 | Crypt:1  | Identified the ring "Deacseq" {rF+ rC+ rN+ Str+3} (You
                  | acquired it on level 1 of the Crypt)
 40541 | Crypt:2  | Reached skill level 5 in Shields
 41014 | Crypt:2  | Noticed a bone dragon
 41022 | Crypt:2  | Killed a bone dragon
 41221 | Crypt:2  | Reached XP level 22. HP: 148/148 MP: 33/33
 41427 | Crypt:3  | Entered Level 3 of the Crypt
 41941 | Crypt:3  | Found the +4 dagger "Morg" {pain, MR+ Int+5}
 41977 | Crypt:3  | Found a huge runed gate.
 41977 | Crypt:3  | Found a huge runed gate.
 41977 | Crypt:3  | Found a huge runed gate.
 41977 | Crypt:3  | Found a huge runed gate.
 41977 | Crypt:3  | Found a huge runed gate.
 42005 | Crypt:3  | Reached skill level 10 in Shields
 42009 | Crypt:3  | Reached skill level 5 in Stealth
 42011 | Crypt:3  | Found a huge runed gate.
 42012 | Crypt:3  | Found a huge runed gate.
 42233 | Crypt:3  | Noticed an ancient lich
 42233 | Crypt:3  | Noticed an ancient lich
 42250 | Crypt:3  | Killed an ancient lich
 42252 | Crypt:3  | Killed an ancient lich
 42260 | Crypt:3  | Got a pitted platinum amulet
 42261 | Crypt:3  | Identified the amulet of Kistry {Harm *Corrode *Drain
                  | Fragile Str+4 Dex+9} (You found it on level 3 of the Crypt)
 42320 | Crypt:3  | Identified the +11 quarterstaff "Jiefuca" {crush, *Noise
                  | rF+ Int+4 Stlth+} (You found it on level 3 of the Crypt)
 42514 | Crypt:3  | Found a staircase to the Tomb.
 42582 | Crypt:3  | Found a huge runed gate.
 42583 | Crypt:3  | Found a huge runed gate.
 42615 | Crypt:3  | Found a huge runed gate.
 42615 | Crypt:3  | Found a huge runed gate.
 42615 | Crypt:3  | Found a huge runed gate.
 42626 | Crypt:3  | Found a huge runed gate.
 42626 | Crypt:3  | Found a huge runed gate.
 42627 | Crypt:3  | Found a huge runed gate.
 42647 | Crypt:3  | Found a huge runed gate.
 42648 | Crypt:3  | Found a huge runed gate.
 42648 | Crypt:3  | Found a huge runed gate.
 42648 | Crypt:3  | Found a huge runed gate.
 42648 | Crypt:3  | Found a huge runed gate.
 42649 | Crypt:3  | Found a huge runed gate.
 42927 | Crypt:3  | Noticed an ancient lich
 42927 | Crypt:3  | Identified the +10 shortbow of the Boiling Point {freeze,
                  | rPois rF- Int+4 Dex+4}
 42927 | Crypt:3  | Noticed an ancient lich
 43484 | Vaults:2 | Killed D1HalberdGnoll's ghost
 43660 | Vaults:3 | Reached XP level 23. HP: 156/156 MP: 34/34
 45182 | Vaults:3 | Noticed a golden dragon
 45188 | Vaults:3 | a golden dragon changed into an acid blob
 45434 | Elf:1    | Entered Level 1 of the Elven Halls
 46598 | Elf:2    | Found a runed translucent gate.
 46598 | Elf:2    | Found a runed translucent gate.
 46598 | Elf:2    | Found a runed translucent gate.
 46730 | Elf:2    | Found Byorunk's Gadget Boutique.
 46731 | Elf:2    | Found Kafauhox's Jewellery Shoppe.
 46732 | Elf:2    | Found Wixojodgh's Gadget Boutique.
 46751 | Elf:2    | Bought the amulet of Eceiluy {rN+ Regen+} for 494 gold
                  | pieces
 46762 | Elf:2    | Bought a wand of clouds (3) for 315 gold pieces
 46917 | Elf:3    | Entered Level 3 of the Elven Halls
 47010 | Elf:3    | Reached XP level 24. HP: 146/163 MP: 34/34
 47302 | Elf:3    | Identified the +2 robe of Happy Babbling {Int+4}
 47310 | Elf:3    | Reached skill level 15 in Dodging
 47314 | Elf:3    | Identified the +0 morningstar "Ymypaoku" {pain, MR+ Str-5
                  | Dex+3}
 47371 | Elf:3    | Identified the +5 shield of the Undertaker {rF+ Str+4
                  | Int+2} (You found it on level 3 of the Elven Halls)
 47390 | Elf:3    | Identified the cursed ring of Upry {+Fly rPois rC- EV-3}
                  | (You found it on level 3 of the Elven Halls)
 47452 | Elf:3    | Identified the cursed +1 rapier of Miwid {flame, rPois rN+
                  | MR+ Str+2} (You found it on level 3 of the Elven Halls)
 47949 | Elf:3    | Found a radiant altar of Vehumet.
 47991 | Elf:3    | Identified the +8 rapier of Cocytus {pain, Int+3} (You
                  | found it on level 3 of the Elven Halls)
 48076 | Elf:3    | Got a clouded granite ring
 48620 | Depths:1 | Entered Level 1 of the Depths
 48626 | Depths:1 | Paralysed by a wizard for 3 turns
 48632 | Depths:1 | Found a one-way gate to the infinite horrors of the Abyss.
 48637 | Depths:1 | Found a gateway to a ziggurat.
 48688 | Depths:1 | Found a flickering gateway to a bazaar.
 48692 | Depths:1 | Paralysed by an orc sorcerer for 4 turns
 48697 | Bazaar   | Entered a bazaar
 48712 | Bazaar   | Found Imaghoi's General Store.
 48741 | Bazaar   | Found Ebatav's Weapon Shoppe.
 48756 | Bazaar   | Found Qiastuah's Assorted Antiques.
 48792 | Bazaar   | Bought a scroll of summoning for 218 gold pieces
 48792 | Bazaar   | Bought 2 potions of curing for 138 gold pieces
 48792 | Bazaar   | Bought a wand of clouds (7) for 276 gold pieces
 48834 | Bazaar   | Bought a scroll of teleportation for 45 gold pieces
 48834 | Bazaar   | Bought a scroll of blinking for 112 gold pieces
 48872 | Bazaar   | Bought a wand of acid (9) for 184 gold pieces
 48952 | Depths:1 | Reached skill level 15 in Shields
 49073 | Depths:1 | Identified the ring "Wynyshyi" {rElec rN+ MR+} (You found
                  | it on level 3 of the Elven Halls)
 49223 | Depths:1 | You are sucked into a shaft!
 49327 | Depths:2 | Reached skill level 15 in Throwing
 49391 | Depths:2 | Reached XP level 25. HP: 168/168 MP: 34/34
 49538 | Depths:1 | Found a gateway to Hell.
 49763 | Depths:1 | Got a faintly glowing ivory amulet
 50050 | Depths:1 | Paralysed by a great orb of eyes for 2 turns
 50085 | Depths:1 | Got a glittering ivory ring
 50639 | Depths:2 | Found a deep blue altar of Sif Muna.
 50742 | Depths:2 | Identified the amulet of Dishonesty {RegenMP Dex+2} (You
                  | found it on level 1 of the Depths)
 51190 | Depths:3 | Got a wavering tin ring
 51304 | Depths:3 | Identified the ring "Nicoaq Ini" {*Tele rN++ Int-4} (You
                  | found it on level 3 of the Depths)
 51551 | Depths:3 | Found a one-way gate leading to the halls of Pandemonium.
 51906 | Depths:3 | Reached XP level 26. HP: 172/177 MP: 34/34
 52115 | Depths:4 | Paralysed by something for 6 turns
 52752 | Depths:4 | Paralysed by a sphinx for 4 turns
 52757 | Depths:4 | Paralysed by a sphinx for 6 turns
 53394 | Depths:5 | Entered Level 5 of the Depths
 53409 | Depths:5 | Noticed Boris
 53419 | Depths:5 | Killed Boris
 53431 | Depths:5 | Identified the ring "Duorhit" {rCorr MR+ Int+5 Dex-4
                  | Slay+2} (You found it on level 1 of the Depths)
 53714 | Depths:5 | Identified the +0 faerie dragon scales {rElec rN++ MR+
                  | rCorr Slay-6}
 53714 | Depths:5 | Noticed the Enchantress
 53739 | Depths:5 | Killed the Enchantress
 53884 | Depths:5 | Found a gate to the Realm of Zot.
 53959 | Depths:5 | Reached XP level 27. HP: 161/184 MP: 34/34
 54609 | Vaults:4 | Noticed Margery
 54616 | Vaults:4 | Killed Margery
 55679 | Vaults:5 | Entered Level 5 of the Vaults
 55702 | Vaults:5 | Noticed an ancient lich
 55709 | Vaults:5 | Killed an ancient lich
 55714 | Vaults:5 | Noticed an ancient lich
 55720 | Vaults:5 | Identified the amulet "Vynnorac" {Faith rElec rN+ MR+ Int-4
                  | Dex+2}
 55725 | Vaults:5 | Killed an ancient lich
 56026 | Vaults:5 | Got a silver rune of Zot
 56027 | Vaults:5 | Identified the Guide on Ghastly Weightlessness
 56424 | Vaults:5 | Noticed an ancient lich
 56432 | Vaults:5 | Killed an ancient lich
 56432 | Vaults:5 | Identified the cursed +0 falchion of Blind Justice {slice,
                  | rC+ Stlth+}
 56436 | Vaults:5 | Identified the +7 shortbow "Nasheshra" {flame, *Contam
                  | rPois Str+4 Dex+2}
 57843 | Crypt:3  | Reached skill level 1 in Axes
 57849 | Crypt:3  | Killed an ancient lich
 57857 | Crypt:3  | Reached skill level 5 in Axes
 57878 | Crypt:3  | Killed an ancient lich
 57960 | Tomb:1   | Entered Level 1 of the Tomb of the Ancients
 58047 | Tomb:1   | Noticed Mara
 58056 | Tomb:1   | Killed Mara
 58056 | Tomb:1   | Reached skill level 10 in Axes
 58056 | Tomb:1   | Paralysed by a sphinx for 6 turns
 58080 | Tomb:1   | Noticed a greater mummy
 58102 | Tomb:1   | Killed a greater mummy
 58617 | Tomb:1   | Noticed a greater mummy
 58629 | Tomb:1   | Killed a greater mummy
 59086 | Tomb:2   | Noticed a greater mummy
 59088 | Tomb:2   | Noticed an ancient lich
 59093 | Tomb:2   | Noticed a greater mummy
 59102 | Tomb:2   | Killed an ancient lich
 59110 | Tomb:2   | Noticed a greater mummy
 59136 | Tomb:2   | Killed a greater mummy
 59146 | Tomb:2   | Killed a greater mummy
 59155 | Tomb:2   | Killed a greater mummy
 59509 | Tomb:1   | Noticed a greater mummy
 59509 | Tomb:1   | Noticed a greater mummy
 59509 | Tomb:1   | Noticed a greater mummy
 59511 | Tomb:1   | Noticed a greater mummy
 59512 | Tomb:1   | Noticed a greater mummy
 59516 | Tomb:1   | Noticed a greater mummy
 59832 | Tomb:1   | Noticed a greater mummy
 59836 | Tomb:1   | Killed a greater mummy
 60131 | Tomb:1   | Noticed a greater mummy
 60137 | Tomb:1   | Killed a greater mummy
 60138 | Tomb:1   | Killed a greater mummy
 60138 | Tomb:1   | Killed a greater mummy
 60144 | Tomb:1   | Killed a greater mummy
 60149 | Tomb:1   | Killed a greater mummy
 60178 | Tomb:1   | Noticed a greater mummy
 60181 | Tomb:1   | Noticed a greater mummy
 60183 | Tomb:1   | Killed a greater mummy
 60193 | Tomb:1   | Killed a greater mummy
 60215 | Tomb:1   | Killed a greater mummy
 60372 | Tomb:1   | Noticed a greater mummy
 60377 | Tomb:1   | Killed a greater mummy
 60381 | Tomb:1   | Noticed a greater mummy
 60385 | Tomb:1   | Killed a greater mummy
 60385 | Tomb:1   | Noticed a greater mummy
 60391 | Tomb:1   | Noticed a greater mummy
 60392 | Tomb:1   | Noticed a greater mummy
 60425 | Tomb:1   | Killed a greater mummy
 60426 | Tomb:1   | Killed a greater mummy
 60434 | Tomb:1   | Killed a greater mummy
 60440 | Tomb:1   | Killed a greater mummy
 60684 | Tomb:1   | Noticed a greater mummy
 60702 | Tomb:1   | Noticed a greater mummy
 60708 | Tomb:1   | Killed a greater mummy
 60708 | Tomb:1   | Reached skill level 15 in Evocations
 60713 | Tomb:1   | Killed a greater mummy
 61477 | Hell     | Entered the Vestibule of Hell
 61477 | Hell     | Noticed Geryon
 61488 | Hell     | Killed Geryon
 61528 | Hell     | Found a gateway to the freezing wastes of Cocytus.
 61658 | Hell     | Found a gateway to the Iron City of Dis.
 61711 | Hell     | Found a gateway to the ashen valley of Gehenna.
 61857 | Hell     | Found a gateway to the decaying netherworld of Tartarus.
 61976 | Hell     | Upgraded the game from 0.24-a0-317-g5cb8de4b22 to
                  | 0.24-a0-335-g06ca16af6c
 62034 | Depths:1 | Voluntarily entered the Abyss.
 62139 | Abyss:2  | Found a corrupted altar of Lugonu.
 62152 | Abyss:2  | Found a corrupted altar of Lugonu.
 62190 | Abyss:2  | Found a blossoming altar of Fedhas.
 62312 | Abyss:2  | Found a corrupted altar of Lugonu.
 63181 | Abyss:3  | Found a corrupted altar of Lugonu.
 63291 | Abyss:4  | Found a corrupted altar of Lugonu.
 63530 | Abyss:5  | Entered Level 5 of the Abyss
 63530 | Abyss:5  | Entered Level 5 of the Abyss
 63585 | Abyss:5  | Found a stormy altar of Qazlal.
 63788 | Abyss:5  | Got an abyssal rune of Zot
 63797 | Depths:1 | Escaped the Abyss
 63888 | Geh:1    | Entered Level 1 of Gehenna
 64627 | Geh:7    | Entered Level 7 of Gehenna
 65003 | Geh:7    | Identified the amulet "Pefutuid" {Reflect Str+9 SH+4}
 65364 | Geh:7    | Identified the +8 trident "Tigedam" {flame, Str+2 Int-2
                  | Dex+4 SInv}
 65364 | Geh:7    | Identified the +1 robe "Raboqaiwk" {SInv}
 65729 | Geh:7    | Found the +18 shield of the Gong {rElec rN+ MR+ EV-5}
 65839 | Geh:7    | Identified the +7 sceptre of Asmodeus
 65839 | Geh:7    | Noticed Asmodeus
 65853 | Geh:7    | Killed Asmodeus
 65871 | Geh:7    | Got an obsidian rune of Zot
 66384 | Coc:1    | Entered Level 1 of Cocytus
 67777 | Coc:7    | Entered Level 7 of Cocytus
 68476 | Pan      | Entered Pandemonium
 68486 | Pan      | Found an exit through the horrors of the Abyss.
 69002 | Pan      | Found an exit through the horrors of the Abyss.
 69034 | Pan      | Noticed Rifewk the pandemonium lord
 69050 | Pan      | Killed Rifewk the pandemonium lord
 69530 | Pan      | Noticed Wanip the pandemonium lord
 69544 | Pan      | Killed Wanip the pandemonium lord
 69602 | Pan      | Gained mutation: Your magical capacity is low. (-10% MP) [a
                  | neqoxec]
 69609 | Pan      | Found a runed translucent door.
 69621 | Pan      | Got a demonic rune of Zot
 69631 | Pan      | Entered the realm of Cerebov.
 69981 | Pan      | Identified the +9 plate armour of Decompression {-Tele
                  | rF+++ Str+4}
 70003 | Pan      | Identified the +6 sword of Cerebov {flame}
 70003 | Pan      | Noticed Cerebov
 70022 | Pan      | Reached skill level 27 in Fighting
 70024 | Pan      | Killed Cerebov
 70267 | Pan      | Identified the cursed +1 crystal plate armour of Gozag's
                  | Benevolence {*Corrode +Inv rPois Str+4} (You found it in
                  | Pandemonium)
 70682 | Pan      | Got a transparent ivory ring
 70710 | Pan      | Got a fiery rune of Zot
 70794 | Pan      | Got a pitted cloak
 71024 | Pan      | Identified the +0 cloak of the Trombone {MP+9 Dex+4} (You
                  | found it in Pandemonium)
 71321 | Pan      | Identified the ring "Bongyghe" {-Tele rC+ rN+ MP+9} (You
                  | found it in Pandemonium)
 71388 | Pan      | Identified the +6 short sword of the Immovable Spirits
                  | {elec, Int+2}
 71563 | Pan      | Found an exit through the horrors of the Abyss.
 71695 | Pan      | Lost mutation: Your magical capacity is low. (-10% MP)
                  | [potion of mutation]
 71695 | Pan      | Lost mutation: You are somewhat resistant to further
                  | mutation. [potion of mutation]
 71695 | Pan      | Lost mutation: You have a somewhat thin skeletal structure.
                  | (Dex +2, Stealth) [potion of mutation]
 71695 | Pan      | Gained mutation: Your spells are a little harder to cast,
                  | but a little more powerful. [potion of mutation]
 71695 | Pan      | Gained mutation: You are surrounded by a mild repulsion
                  | field. (EV +2) [potion of mutation]
 71992 | Pan      | Noticed Raish the pandemonium lord
 71995 | Pan      | Killed Raish the pandemonium lord
 72065 | Pan      | Gained mutation: You tend to lose your temper in combat. [a
                  | cacodemon]
 72069 | Pan      | Gained mutation: You occasionally shout uncontrollably at
                  | your foes. [a cacodemon]
 73544 | Pan      | Noticed Leckud the pandemonium lord
 73551 | Pan      | Killed Leckud the pandemonium lord
 74294 | Pan      | Got a translucent jade amulet
 74295 | Pan      | Identified the amulet "Hitaliuk" {Faith +Fly rElec Int-4}
                  | (You found it in Pandemonium)
 75385 | Pan      | Found a transporter.
 75391 | Pan      | Found a transporter.
 75405 | Pan      | Identified the ring of Gauhiosa {rF+ rC+ Str-4 Stlth-}
 76009 | Pan      | Entered the realm of Gloorx Vloq.
 76009 | Pan      | Noticed Gloorx Vloq
 76721 | Pan      | Killed Gloorx Vloq
 76815 | Pan      | Got a dark rune of Zot
 76931 | Pan      | Found an exit through the horrors of the Abyss.
 77301 | Pan      | Entered the realm of Mnoleg.
 77310 | Pan      | Identified the +0 hat "Huugepli" {-Cast rN+ rCorr Int+5}
                  | (You acquired it in Pandemonium)
 77336 | Pan      | Found an exit through the horrors of the Abyss.
 77432 | Pan      | Lost mutation: Your spells are a little harder to cast, but
                  | a little more powerful. [a neqoxec]
 77436 | Pan      | Gained mutation: Your magical capacity is low. (-10% MP) [a
                  | neqoxec]
 77445 | Pan      | Noticed Mnoleg
 77465 | Pan      | Gained mutation: You are dopey. (Int -2) [a cacodemon]
 77466 | Pan      | Killed Mnoleg
 77545 | Pan      | Gained mutation: Potions are less effective at restoring
                  | your health. [a neqoxec]
 77619 | Pan      | Got a glowing rune of Zot
 77788 | Pan      | Gained mutation: Scrolls take you a little longer to read.
                  | [a cacodemon]
 77950 | Pan      | Noticed Luohal the pandemonium lord
 77967 | Pan      | Killed Luohal the pandemonium lord
 78289 | Pan      | Found an exit through the horrors of the Abyss.
 78341 | Pan      | Entered the realm of Lom Lobon.
 78380 | Pan      | Found an exit through the horrors of the Abyss.
 78706 | Pan      | Noticed Lom Lobon
 78718 | Pan      | Killed Lom Lobon
 78727 | Pan      | Lost mutation: You tend to lose your temper in combat.
                  | [potion of mutation]
 78727 | Pan      | Lost mutation: Your magical capacity is low. (-10% MP)
                  | [potion of mutation]
 78727 | Pan      | Gained mutation: You passively map a small area around you.
                  | [potion of mutation]
 78727 | Pan      | Gained mutation: You have a pair of small horns on your
                  | head. [potion of mutation]
 78727 | Pan      | Gained mutation: You possess an exceptional clarity of
                  | mind. [potion of mutation]
 78754 | Pan      | Got a magical rune of Zot
 79307 | Pan      | Took an exit into the Abyss.
 79307 | Abyss:1  | Escaped into the Abyss
 79307 | Abyss:1  | Found a corrupted altar of Lugonu.
 79316 | Abyss:1  | Lost mutation: You are surrounded by a mild repulsion
                  | field. (EV +2) [potion of mutation]
 79316 | Abyss:1  | Lost mutation: You passively map a small area around you.
                  | [potion of mutation]
 79316 | Abyss:1  | Lost mutation: Scrolls take you a little longer to read.
                  | [potion of mutation]
 79316 | Abyss:1  | Lost mutation: You occasionally shout uncontrollably at
                  | your foes. [potion of mutation]
 79316 | Abyss:1  | Gained mutation: Your movements are slightly less
                  | encumbered by armour. (ER -2) [potion of mutation]
 79316 | Abyss:1  | Gained mutation: You passively map a small area around you.
                  | [potion of mutation]
 79317 | Abyss:1  | Lost mutation: You are dopey. (Int -2) [potion of mutation]
 79317 | Abyss:1  | Lost mutation: You have a pair of small horns on your head.
                  | [potion of mutation]
 79317 | Abyss:1  | Lost mutation: Your movements are slightly less encumbered
                  | by armour. (ER -2) [potion of mutation]
 79317 | Abyss:1  | Lost mutation: You passively map a small area around you.
                  | [potion of mutation]
 79317 | Abyss:1  | Gained mutation: You are partially covered in slimy green
                  | scales. (AC +2) [potion of mutation]
 79317 | Abyss:1  | Gained mutation: Your flesh is cold resistant. (rC+)
                  | [potion of mutation]
 79317 | Abyss:1  | Gained mutation: You have a pair of small horns on your
                  | head. [potion of mutation]
 79327 | Depths:3 | Escaped the Abyss
 79701 | Slime:1  | Entered Level 1 of the Pits of Slime
 79912 | Slime:5  | Entered Level 5 of the Pits of Slime
 79932 | Slime:5  | Noticed the Royal Jelly
 79938 | Slime:5  | Reached skill level 10 in Stealth
 80000 | Slime:5  | Killed the Royal Jelly
 80040 | Slime:5  | Got a slimy rune of Zot
 80137 | Slime:5  | Identified the ring "Zoryphut" {Ice Stlth+} (You found it
                  | on level 5 of the Pits of Slime)
 80148 | Slime:5  | Identified the +9 morningstar "Jolut" {antimagic, rPois rF+
                  | Int+3 Dex-4} (You found it on level 5 of the Pits of Slime)
 82134 | Coc:7    | Noticed Antaeus
 82154 | Coc:7    | Killed Antaeus
 82249 | Coc:7    | Got an icy rune of Zot
 82528 | Coc:7    | Identified the ring "Ysyvom" {rN+ MR+ MP+9 Int+4} (You
                  | found it on level 7 of Cocytus)
 82902 | Dis:1    | Entered Level 1 of the Iron City of Dis
 83462 | Dis:5    | Reached skill level 27 in Maces & Flails
 84490 | Dis:7    | Entered Level 7 of the Iron City of Dis
 85184 | Dis:7    | Noticed the Serpent of Hell
 85196 | Dis:7    | Killed the Serpent of Hell
 85196 | Dis:7    | Reached skill level 15 in Axes
 85482 | Dis:7    | Identified the ring "Qaotrog" {MP+9 Slay+6}
 85493 | Dis:7    | Killed from afar by a quicksilver dragon

Levels and vault maps discovered:
D:1:      wheals_arrival_shading, layout_rooms, serial_co_window_serial,
          co_window_cross_1, co_window_paths_b, co_window_paths_a,
          co_window_paths_a, co_window_of_opportunity_a,
          co_window_unsneaky_path_b, co_window_corner_b,
          co_window_of_opportunity_b, co_window_2corner,
          co_window_unsneaky_path_b, co_window_broadway_a, glass_columns_a,
          glass_columns_a, glass_columns_a, glass_columns_a, glass_columns_c,
          grunt_decor_arrowhead
D:2:      layout_rooms, gammafunk_temple_overflow_pools, first_ration
D:3:      layout_loops_corners, gammafunk_ghost_arena, gup_sewer_entry_glass,
          xom_teletrap_fun
D:4:      layout_basic, minmay_temple_entry_gardened_gates, serial_forest,
          infiniplex_forest_clump_medium, infiniplex_forest_end_double,
          infiniplex_forest_corner_1, infiniplex_forest_clump_curved,
          infiniplex_forest_lined_room_2, uniq_ijyb
D:5:      layout_rooms, basic_altar
D:6:      layout_gridville, led_sif_pool, serial_shops, shop,
          makhleb_altar_promises_db, uniq_grinder
D:7:      layout_rooms, cheibriados_altar_1
D:8:      layout_cave_pools, nicolae_ashenzari_panopticon,
          erik_lair_orcish_takeover
D:9:      layout_rooms, lemuel_crystal_altar, ebering_ghost_gozag,
          blue_anna_alchemist [blue_anna_fruit_fields, blue_anna_fruit_fields],
          dk_noncrumbling_4, grunt_ministairs_7, fedhas_altar_3, uniq_erica
D:10:     layout_basic, special_room [special_room_orc], minivault_10
D:11:     layout_cave_pools, grunt_qazlal_clouds, uniq_josephine, uniq_urug
D:12:     layout_gridville, orc_0_dummy, portal_ice_cave_demonic_guard,
          roderic_lattice_a, grunt_ministairs_7
D:13:     okawaru_arena_lexackson, layout_loops_ring, david_vaults_1
D:14:     layout_rooms, serial_park_paths [serial_park_minivault_5x5_2],
          uniq_nessos
D:15:     grunt_enter_depths_snipers, layout_basic, hangedman_decor_lopped,
          minivault_16, minmay_circle_x, uniq_kirke
Temple:   lightli_temple_of_artemis
Lair:1:   layout_cave_shapes, gammafunk_ghost_wrathful_warriors,
          grunt_forest_small_clearings
Lair:2:   layout_cave_pods
Lair:3:   layout_cave_pods, minmay_snake_entry_six_corridors, uniq_nergalle,
          uniq_fannar, uniq_gastronok, uniq_snorg
Lair:4:   layout_misc_corridors, minmay_shoals_entry_centaurs
Lair:5:   layout_regular_city, grunt_megastairs_2
Lair:6:   guppyfry_lair_end_dragon, layout_loops_ring,
          hangedman_lair_caniforms_friends, slime_altar_1, minivault_23,
          serial_bayou_pond_d, st_stairs_5, serial_bayou_ford_a,
          chequers_serial_rivers_room_a, uniq_sonja
Shoals:1: layout_shoals
Shoals:2: layout_shoals
Shoals:3: layout_shoals, serial_shops, shop, lemuel_oklob_altar
Shoals:4: shoals_end_simple, layout_shoals, shoals_ilsuiw_alternative,
          gammafunk_ghost_cemetery
Snake:1:  layout_layer_cave, serial_shops, shop, uniq_aizul, uniq_nikola,
          uniq_frances
Snake:2:  layout_gridlike, basic_altar, minmay_shoptagon, lemuel_fruit_tree,
          grunt_megastairs_3, uniq_vashnia, uniq_azrael
Snake:3:  layout_cave_town, serial_shops, shop
Snake:4:  snake_pit_salamanders_mu, layout_misc_corridors
Slime:1:  layout_caves
Slime:2:  layout_caves
Slime:3:  layout_caves, nicolae_slime_barrier
Slime:4:  layout_caves
Slime:5
Orc:1:    layout_caves, serial_shops,
          nicolae_shop_temple_entry_statues_fountains, basic_altar,
          mines2_lemuel, uniq_jorgrun
Orc:2:    pubby_orc_utopia, uniq_rupert
Elf:1:    layout_geoelf_octagon, evilmike_minifort,
          roderic_lattice_octagonal_star
Elf:2:    layout_loops_ring, minmay_shop_grove
Elf:3:    minmay_elf_hall_circle, layout_loops_corners, basic_altar,
          roderic_roman_lattice
Vaults:1: vaults_mumra_chevron_long, ontoclasm_vaults_misaligned,
          nicolae_vaults_murderbox, hangedman_vaults_stagger,
          vaults_standard_mumra_x, nicolae_vaults_mini_display_case,
          nicolae_vaults_windows_and_doors_thing, dpeg_vaults_monster_box,
          nicolae_vaults_hallways_thing, v_pattern_3,
          ontoclasm_vaults_ring_square, layout_vaults_omnibox
Vaults:2: gammafunk_vaults_ghost_split, vaults_room_semicircle, v_alt_pattern_1,
          grunt_vaults_hallway_long, nicolae_vaults_little_squares_6,
          ontoclasm_vaults_bender, nicolae_vaults_little_squares_2,
          nicolae_vaults_network_s, vaults_standard_mumra_lines,
          ontoclasm_vaults_idyll, minmay_crypt_entry_simple_box,
          nicolae_vaults_theta, ontoclasm_vaults_shuriken,
          layout_vaults_chaotic_city
Vaults:3: nicolae_vaults_meeting, v_misc_10, vaults_room_stairs_pillars,
          v_alt_pattern_4, nicolae_vaults_little_squares_4,
          hangedman_vaults_slice, hangedman_vaults_snaps,
          ontoclasm_vaults_loading_screen, vaults_mumra_hexcomb,
          nicolae_vaults_little_squares_2, nicolae_vaults_little_squares_2,
          layout_vaults_omnigrid, serial_glass
Vaults:4: ontoclasm_vaults_ligature, vaults_dpeg_encased_lava, vaults_room_grid,
          v_rooms_4, nicolae_vaults_triangles, v_misc_33,
          nicolae_vaults_three_branches, v_misc_14, grunt_vaults_twisty,
          ontoclasm_vaults_decontamination, v_misc_22, layout_vaults_big_cross,
          uniq_margery
Vaults:5: serial_shops, uniq_saint_roka
Crypt:1:  lemuel_minitomb, layout_misc_corridors, minivault_24, st_stairs_6,
          uniq_xtahua, uniq_mennas
Crypt:2:  minmay_skeleton_keep, layout_rooms, serial_sigils_hangedman_etch
Crypt:3:  david_glass_crypt, layout_chaotic_city, door_vault, grunt_megastairs_4
Tomb:1:   uniq_mara
Tomb:2
Depths:1: kennysheep_large_spiral, layout_cave_pools, enter_ziggurat_c,
          serial_shops, bzr_entry_road, pf_hell_entry_great_geh,
          hangedman_abyss_or_decor_stabs, abyss_entry_small_statue_room,
          minmay_orc_keep, serial_bayou_shore_b, firewood_loft,
          serial_bayou_shore_b
Depths:2: minmay_the_grid_triangle_9x9_rhombus_thin
          [minmay_the_grid_triangle_9x9_longest,
          minmay_the_grid_triangle_9x9_prize_insulated,
          minmay_the_grid_triangle_9x9_thin_v,
          minmay_the_grid_triangle_9x9_negative_grid], layout_cave_pools,
          special_room [special_room_mythical_zoo], nicolae_twisting_strands,
          grunt_mini_vestibule, kennysheep_flooded_box,
          serial_sigils_hangedman_clutch, minivault_16
Depths:3: minmay_connected_boxes_in_corner, layout_cave_pools,
          rand_demon_pan_entry_4, nicolae_two_hexagons, hangedman_coc_ice_floe
Depths:4: evilmike_diamond_1, layout_basic, minmay_room_of_horrors, hell_entry
Depths:5: grunt_zot_entry_funnels, layout_basic, abyss_entry, hell_entry,
          hangedman_decor_opposing, uniq_enchantress, uniq_boris
Hell
Dis:1:    layout_chaotic_city, hangedman_dis_decor_tower
Dis:2:    layout_gridville
Dis:3:    layout_gridville
Dis:4:    layout_overlapping_boxes
Dis:5:    layout_chaotic_city
Dis:6:    lightli_tower_of_babel, layout_chaotic_city,
          hangedman_mysterious_dungeon_monster_house
Dis:7:    dis_grunt_layers
Geh:1:    layout_gehenna_pools_basic
Geh:2:    layout_gehenna_lava_caves
Geh:3:    layout_gehenna_lava_caves
Geh:4:    layout_gehenna_pools_basic
Geh:5:    layout_gehenna_pools_basic
Geh:6:    layout_gehenna_pools_triple
Geh:7:    geh_grunt_pentagon
Coc:1:    layout_cocytus_water_paths
Coc:2:    layout_ice_bergs
Coc:3:    layout_cocytus_water_paths
Coc:4:    layout_ice_bergs
Coc:5:    layout_ice_bergs
Coc:6:    layout_cocytus_water_paths
Coc:7:    coc_dpeg

Skill      XL: |  1  2  3  4  5  6  7  8  9 10 11 12 13 14 15 16 17 18 19 20 21 22 23 24 25 26 27 |
---------------+----------------------------------------------------------------------------------+-----
Staves         | 4 5 6 7 |  7.1
Fighting       | 3 4 5 6 8 10 11 13 14 15 16 17 18 20 21 22 27 | 27.0
Armour         | 2 5 8 10 13 15 16 17 18 24 | 24.6
Dodging        | 4 6 7 9 10 11 12 14 16 17 25 | 25.1
Maces & Flails | 4 5 6 9 11 14 17 19 27 | 27.0
Throwing       | 3 5 7 9 10 11 13 14 15 16 24 | 24.0
Conjurations   | 5 8 |  8.0
Spellcasting   | 3 6 |  6.8
Evocations     | 4 5 9 10 13 14 20 | 20.5
Shields        | 3 4 8 10 12 15 21 | 21.7
Translocations | 3 |  3.0
Stealth        | 1 4 8 13 | 13.9
Axes           | 16 | 16.9

Action                   |  1- 3 |  4- 6 |  7- 9 | 10-12 | 13-15 | 16-18 | 19-21 | 22-24 | 25-27 || total
-------------------------+-------+-------+-------+-------+-------+-------+-------+-------+-------++-------
Melee: Quarterstaff      |    91 |   129 |    82 |       |       |       |       |       |       ||   302
       Peck              |    13 |    20 |    45 |    87 |   319 |   317 |   384 |   427 |  2447 ||  4059
       Kick              |    17 |    41 |    73 |   159 |   550 |   513 |   614 |   719 |  4150 ||  6836
       Whip              |       |       |   200 |   473 |  1525 |   250 |       |       |       ||  2448
       Great mace        |       |       |       |       |       |  1113 |   937 |       |       ||  2050
       Unarmed           |       |       |       |       |       |    25 |       |       |       ||    25
       Sacred scourge    |       |       |       |       |       |       |   314 |  1401 |  8722 || 10437
       Headbutt          |       |       |       |       |       |       |       |       |   572 ||   572
       Broad axe         |       |       |       |       |       |       |       |       |     7 ||     7
Throw: Throwing net      |     4 |       |       |     1 |       |       |       |     1 |       ||     6
       Boomerang         |       |       |       |       |     6 |       |       |       |       ||     6
       Dart              |       |       |       |       |    11 |     8 |       |     5 |       ||    24
       Javelin           |       |       |       |       |       |    78 |    54 |    32 |   276 ||   440
Invok: Lunge             |     1 |    26 |    70 |    71 |   210 |   191 |   171 |   202 |  1247 ||  2189
       Whirlwind         |       |     3 |    93 |   184 |   544 |   490 |   508 |   458 |  3233 ||  5513
       Serpent's Lash    |       |       |       |     1 |     6 |     5 |     2 |     7 |    14 ||    35
       Heavenly Storm    |       |       |       |     1 |     6 |     1 |     5 |     4 |     7 ||    24
 Abil: Fly               |       |     1 |       |       |       |     4 |       |     1 |     3 ||     9
       Wall Jump         |       |       |    10 |    20 |    30 |    47 |    48 |    45 |   210 ||   410
       Stop Flying       |       |       |       |       |       |     4 |       |     1 |     3 ||     8
       Evoke Berserk Rag |       |       |       |       |       |       |       |     2 |       ||     2
Evoke: Wand              |       |       |       |       |       |     4 |     2 |     2 |     8 ||    16
       Box of beasts     |       |       |       |       |       |     1 |       |       |       ||     1
       Fan of gales      |       |       |       |       |       |       |       |       |     1 ||     1
       Lamp of fire      |       |       |       |       |       |       |       |       |     1 ||     1
  Use: Scroll            |     1 |     8 |    13 |     7 |    12 |    13 |    14 |    19 |    33 ||   120
       Potion            |     1 |       |       |       |     4 |     6 |     6 |     5 |    41 ||    63
 Stab: Held in net/web   |     1 |       |       |       |       |       |       |     2 |       ||     3
       Sleeping          |       |       |       |       |     2 |       |       |     4 |    10 ||    16
       Distracted        |       |       |       |       |       |     1 |       |     3 |    17 ||    21
       Petrifying        |       |       |       |       |       |       |       |       |     1 ||     1
  Eat: Chunk             |     1 |     5 |    10 |    15 |    32 |    23 |    12 |    20 |    31 ||   149
       Ration            |       |       |     1 |       |       |     6 |     4 |     2 |    29 ||    42
Armor: Ring mail         |    32 |    11 |     6 |       |       |       |       |       |       ||    49
       Leather armour    |     6 |     5 |       |    24 |    24 |       |       |       |       ||    59
       Chain mail        |       |       |    63 |    32 |       |       |       |       |       ||    95
       Acid dragon scale |       |       |       |       |    34 |       |       |       |       ||    34
       Plate armour      |       |       |       |       |   119 |   448 |   285 |   166 |   706 ||  1724
       Skin              |       |       |       |       |     1 |       |       |       |       ||     1
Dodge: Dodged            |    60 |    57 |   106 |   195 |   667 |   866 |   671 |   362 |  1720 ||  4704
Block: Other             |       |       |     4 |    18 |    49 |    55 |     3 |       |       ||   129
       Reflection        |       |       |     1 |     1 |     4 |     8 |       |       |   118 ||   132
       Buckler           |       |       |       |       |    24 |    34 |    55 |   190 |       ||   303
       Shield            |       |       |       |       |       |       |       |   112 |  3726 ||  3838

Table legend:
 A = Non-vault XP
 B = Vault XP
 C = Vault XP percentage of total XP
 D = Non-vault monster count
 E = Vault monster count
 F = Vault count percentage of total count
                 A         B        C        D         E       F
            +---------+---------+-------+---------+---------+-------
      Total | 2019933 | 1540720 |  43.3 |    3569 |    1620 |  31.2
            +---------+---------+-------+---------+---------+-------
        D:1 |      31 |       0 |   0.0 |      19 |       0 |   0.0
        D:2 |      99 |       0 |   0.0 |      35 |       0 |   0.0
        D:3 |      40 |     198 |  83.2 |      15 |       7 |  31.8
        D:4 |     448 |      36 |   7.4 |       8 |       1 |  11.1
        D:5 |     733 |       0 |   0.0 |      22 |       0 |   0.0
        D:6 |    1052 |     281 |  21.1 |      25 |       1 |   3.8
        D:7 |     932 |       0 |   0.0 |      20 |       0 |   0.0
        D:8 |    2124 |     668 |  23.9 |      39 |      10 |  20.4
        D:9 |    1790 |    1225 |  40.6 |      21 |       4 |  16.0
       D:10 |    3556 |     228 |   6.0 |      40 |      25 |  38.5
       D:11 |    4073 |    2968 |  42.2 |      22 |       7 |  24.1
       D:12 |    4838 |    1037 |  17.7 |      37 |       4 |   9.8
       D:13 |    9815 |    2084 |  17.5 |      42 |       4 |   8.7
       D:14 |   11067 |    1269 |  10.3 |      34 |       1 |   2.9
       D:15 |   12685 |    9424 |  42.6 |      33 |      18 |  35.3
     Lair:1 |    3780 |       0 |   0.0 |      15 |       0 |   0.0
     Lair:2 |    3839 |       0 |   0.0 |      25 |       0 |   0.0
     Lair:3 |    3075 |    7415 |  70.7 |      13 |      19 |  59.4
     Lair:4 |    8133 |     570 |   6.5 |      20 |       5 |  20.0
     Lair:5 |    7042 |    2334 |  24.9 |      23 |       6 |  20.7
     Lair:6 |    6359 |   17510 |  73.4 |      22 |      77 |  77.8
   Shoals:1 |    9857 |       0 |   0.0 |      24 |       0 |   0.0
   Shoals:2 |   10987 |       0 |   0.0 |      26 |       0 |   0.0
   Shoals:3 |   11651 |     757 |   6.1 |      27 |       1 |   3.6
   Shoals:4 |    7588 |   26931 |  78.0 |      13 |      40 |  75.5
    Snake:1 |   19613 |    7625 |  28.0 |      36 |       3 |   7.7
    Snake:2 |   17423 |   14471 |  45.4 |      33 |      20 |  37.7
    Snake:3 |    8344 |       0 |   0.0 |      17 |       0 |   0.0
    Snake:4 |   18268 |   52303 |  74.1 |      32 |      74 |  69.8
    Slime:1 |   13713 |       0 |   0.0 |      22 |       0 |   0.0
    Slime:2 |    9103 |       0 |   0.0 |      10 |       0 |   0.0
    Slime:3 |    3181 |       0 |   0.0 |       7 |       0 |   0.0
    Slime:4 |   14164 |       0 |   0.0 |      22 |       0 |   0.0
    Slime:5 |   26896 |   32239 |  54.5 |      41 |      12 |  22.6
      Orc:1 |    7265 |    2841 |  28.1 |      51 |       1 |   1.9
      Orc:2 |       0 |   27850 | 100.0 |       0 |     149 | 100.0
      Elf:1 |   11977 |    6987 |  36.8 |      18 |      14 |  43.8
      Elf:2 |   29818 |    1799 |   5.7 |      42 |       2 |   4.5
      Elf:3 |   24975 |   45971 |  64.8 |      43 |      30 |  41.1
   Vaults:1 |   32854 |   27206 |  45.3 |      57 |      42 |  42.4
   Vaults:2 |   29401 |   17627 |  37.5 |      60 |      18 |  23.1
   Vaults:3 |   51285 |   24434 |  32.3 |      81 |      27 |  25.0
   Vaults:4 |   43215 |   21187 |  32.9 |      59 |      26 |  30.6
   Vaults:5 |   39771 |  141195 |  78.0 |      42 |      87 |  67.4
    Crypt:1 |   32230 |   22211 |  40.8 |      50 |      25 |  33.3
    Crypt:2 |   42210 |   27534 |  39.5 |      47 |      55 |  53.9
    Crypt:3 |   40500 |   71963 |  64.0 |      47 |      34 |  42.0
     Tomb:1 |    6211 |  156364 |  96.2 |      16 |      64 |  80.0
     Tomb:2 |   19167 |   53945 |  73.8 |      48 |      43 |  47.3
   Depths:1 |   41611 |   21806 |  34.4 |      59 |      20 |  25.3
   Depths:2 |   42170 |   42548 |  50.2 |      56 |      42 |  42.9
   Depths:3 |   36831 |   31225 |  45.9 |      47 |      28 |  37.3
   Depths:4 |   36807 |   38211 |  50.9 |      44 |      41 |  48.2
   Depths:5 |   42671 |   38207 |  47.2 |      36 |      26 |  41.9
       Hell |   33363 |   17412 |  34.3 |      39 |      28 |  41.8
      Dis:1 |     502 |       0 |   0.0 |       4 |       0 |   0.0
      Dis:2 |   10574 |       0 |   0.0 |      34 |       0 |   0.0
      Dis:3 |   24739 |       0 |   0.0 |      49 |       0 |   0.0
      Dis:4 |   29525 |       0 |   0.0 |      51 |       0 |   0.0
      Dis:5 |   67370 |       0 |   0.0 |     119 |       0 |   0.0
      Dis:6 |    9401 |       0 |   0.0 |      17 |       0 |   0.0
      Dis:7 |   53538 |   84975 |  61.3 |      66 |      63 |  48.8
      Geh:1 |   28445 |       0 |   0.0 |      55 |       0 |   0.0
      Geh:2 |   12884 |       0 |   0.0 |      25 |       0 |   0.0
      Geh:3 |   10506 |       0 |   0.0 |      14 |       0 |   0.0
      Geh:4 |   12661 |       0 |   0.0 |      27 |       0 |   0.0
      Geh:5 |   27413 |       0 |   0.0 |      60 |       0 |   0.0
      Geh:6 |     408 |       0 |   0.0 |       2 |       0 |   0.0
      Geh:7 |   64314 |   52671 |  45.0 |     102 |      37 |  26.6
      Coc:1 |   16471 |       0 |   0.0 |      64 |       0 |   0.0
      Coc:2 |   66133 |       0 |   0.0 |      82 |       0 |   0.0
      Coc:3 |   25591 |       0 |   0.0 |      70 |       0 |   0.0
      Coc:4 |   25244 |       0 |   0.0 |      41 |       0 |   0.0
      Coc:5 |   42582 |       0 |   0.0 |      89 |       0 |   0.0
      Coc:6 |   65031 |       0 |   0.0 |      73 |       0 |   0.0
      Coc:7 |   56528 |   68197 |  54.7 |     102 |      28 |  21.5
    Abyss:1 |    3624 |    4131 |  53.3 |       3 |       2 |  40.0
    Abyss:2 |   31501 |    1330 |   4.1 |      71 |       4 |   5.3
    Abyss:3 |   25173 |       0 |   0.0 |      37 |       0 |   0.0
    Abyss:4 |   36954 |       0 |   0.0 |      52 |       0 |   0.0
    Abyss:5 |   27743 |    7667 |  21.7 |      38 |      21 |  35.6
        Pan |  344447 |  287572 |  45.5 |     440 |     239 |  35.2
      Sewer |       0 |     646 | 100.0 |       0 |      28 | 100.0
      IceCv |       0 |   13435 | 100.0 |       0 |      57 | 100.0
            +---------+---------+-------+---------+---------+-------
